 Dungeon Crawl Stone Soup version 0.29-a0-283-ga02f740833 (webtiles) character file.

Game seed: 1209452589252538722

258 Dabor the Skirmisher (level 6, 0/39 HPs)
             Began as a Gargoyle Fighter on Mar 13, 2022.
             Was an Initiate of Yredelemnul.
             Killed from afar by an electric eel (3 damage)
             ... with a bolt of electricity
             ... on level 4 of the Dungeon.
             The game lasted 00:04:43 (3033 turns).

Dabor the Skirmisher (Gargoyle Fighter)             Turns: 3033, Time: 00:04:44

Health: 0/39       AC: 14    Str: 22    XL:     6   Next: 16%
Magic:  4/6        EV:  9    Int:  8    God:    Yredelemnul [......]
Gold:   181        SH:  4    Dex:  9    Spells: 5/5 levels left

rFire   + . .      SeeInvis .   f - +4 short sword (flame)
rCold   + . .      Faith    .   c - +0 buckler
rNeg    + . .      Spirit   .   b - +0 scale mail
rPois   ∞          Reflect  .   (no helmet)
rElec   +          Harm     .   (no cloak)
rCorr   +          Rampage  .   j - +0 pair of gloves
Will    .....                   u - +0 pair of boots
Stlth   ..........              (no amulet)
HPRegen 0.13/turn               (no ring)
MPRegen 0.10/turn               (no ring)

@: mighty, resistant
A: sickness immunity, AC +4, negative energy resistance 1, electricity
resistance, torment resistance 1, petrification resistance
a: Renounce Religion, Recall Undead Harvest


You were on level 4 of the Dungeon.
You worshipped Yredelemnul.
Yredelemnul was noncommittal.
You visited 1 branch of the dungeon, and saw 4 of its levels.

You collected 181 gold pieces.

Inventory:

Hand Weapons
 a - a +0 flail
 f - a +4 short sword of flaming (weapon)
Armour
 b - a +0 scale mail (worn)
 c - a +0 buckler (worn)
 j - a +0 pair of gloves (worn)
 u - a +0 pair of boots (worn)
Wands
 v - a wand of paralysis (8)
 C - a wand of flame (16)
Scrolls
 k - a scroll of holy word {unknown}
 m - 2 scrolls of identify {unknown}
 n - a scroll of teleportation {unknown}
 o - 2 scrolls of fog {unknown}
 p - 3 scrolls of enchant weapon {unknown}
 q - a scroll of silence {unknown}
 s - 2 scrolls of fear
 t - a scroll of amnesia {unknown}
 y - a scroll of blinking {unknown}
Potions
 d - 2 potions of might
 e - a potion of lignification {unknown}
 g - 2 potions of attraction {unknown}
 h - a potion of invisibility {unknown}
 i - a potion of flight {unknown}
 l - a potion of heal wounds {unknown}
 r - a potion of resistance
 w - a potion of curing {unknown}
 x - a potion of brilliance {unknown}
 z - a potion of magic {unknown}
 A - a potion of berserk rage {unknown}
 B - a potion of haste {unknown}


   Skills:
 + Level 4.6 Fighting
 + Level 3.5 Maces & Flails
 + Level 4.6 Armour
 + Level 4.6 Shields


You had 5 spell levels left.
You didn't know any spells.
Your spell library contained the following spells:

 Spells                   Type           Power      Damage    Failure   Level
 Call Canine Familiar     Summ           0%         N/A       99%         3
 Portal Projectile        Hex/Tloc       0%         N/A       99%         3
 Leda's Liquefaction      Hex/Erth       0%         N/A       100%        4
 Alistair's Intoxication  Tmut/Pois      0%         N/A       100%        5
 Borgnjor's Vile Clutch   Necr/Erth      0%         N/A       100%        5
 Eringya's Noxious Bog    Tmut/Pois      0%         N/A       100%        6


Dungeon Overview and Level Annotations

Branches:
Dungeon (4/15)
 Temple: D:4-7

Altars:
Yredelemnul

Annotations:
D:4 1 transporter


Innate Abilities, Weirdness & Mutations

You are immune to sickness and miasma.
Your stone body is resilient. (AC +4)
You are immune to poison.
You resist negative energy. (rN+)
You are resistant to electric shocks. (rElec)
You are resistant to unholy torment.
You are immune to petrification.


Message History

The electric eel shoots out a bolt of lightning at you!
The bolt of electricity hits you. You resist.
The bolt of electricity hits the electric eel.
The electric eel completely resists.
The bolt of electricity hits the electric eel.
The electric eel completely resists.
The bolt of electricity hits you but does no damage.
You resist.
The electric eel shoots out a bolt of lightning at you!
The bolt of electricity hits you. You resist. The bolt of electricity hits you.
You resist.
You feel protected.
The electric eel shoots out a bolt of lightning at you!
The bolt of electricity hits you. You resist.
* * * LOW HITPOINT WARNING * * *
The bolt of electricity hits you. You resist.
* * * LOW HITPOINT WARNING * * *
The electric eel shoots out a bolt of lightning at you!
The bolt of electricity hits you. You resist.
* * * LOW HITPOINT WARNING * * *
The bolt of electricity hits the electric eel.
The electric eel completely resists.
The bolt of electricity hits the electric eel.
The electric eel completely resists.
The bolt of electricity hits you but does no damage.
You resist.
You feel very mighty all of a sudden.
The electric eel shoots out a bolt of lightning at you!
The bolt of electricity hits you. You resist.
* * * LOW HITPOINT WARNING * * *
The bolt of electricity hits the electric eel.
The electric eel completely resists.
The bolt of electricity hits the electric eel.
The electric eel completely resists.
The electric eel shoots out a bolt of lightning at you!
The bolt of electricity hits you. You resist.
* * * LOW HITPOINT WARNING * * *
The bolt of electricity hits you. You resist.
You die...
Your body rises from the dead as a mindless zombie.

#.#P.).P#..#.#
#.###+###..#.#
#.#≈≈P≈≈#..#$#
#.#≈≈≈≈≈#..#.#
#.#≈≈≈≈≈#....#
#.#≈≈♣P≈#..###
#.#≈≈≈≈≈#..#
#####
#.#≈...S#..#
....#
####.#S..@S#..#
###.#
.....###'###..#
#
###.#P...≈#.##
# #.#8.©.8#.#
.. #.#######.#
#.# #....©....#
.# ##.#...####
# #.#..##
#.#.##


You could see 3 electric eels.

Vanquished Creatures
  A phantom (D:3)
  A hound (D:4)
  3 gnolls (D:4)
  5 adders
  2 worms (D:3)
  A dart slug (D:3)
  4 ball pythons
  4 bats
  2 endoplasms (D:1)
  3 giant cockroaches
  8 hobgoblins
  5 jackals
  3 kobolds
  2 quokkas
  3 frilled lizards (D:1)
  8 goblins
  5 rats
60 creatures vanquished.

Vanquished Creatures (collateral kills)
  A dart slug (D:1)
  A ball python (D:2)
  A giant cockroach (D:1)
  A jackal (D:1)
  A frilled lizard (D:2)
  A kobold (D:2)
6 creatures vanquished.

Vanquished Creatures (others)
  A gnoll zombie (D:4)
  4 ball python zombies
  A giant cockroach zombie (D:1)
  2 hobgoblin zombies
  A jackal zombie (D:3)
  A rat zombie (D:3)
  A plant (D:4)
11 creatures vanquished.

Grand Total: 77 creatures vanquished

Notes
Turn   | Place    | Note
-------+----------+-------------------------------------------
     0 | D:1      | Dabor the Gargoyle Fighter began the quest for the Orb.
     0 | D:1      | Reached XP level 1. HP: 14/14 MP: 1/1
    18 | D:1      | Found a faded altar of an unknown god.
    78 | D:1      | Prayed at the altar of an unknown god.
    78 | D:1      | Became a worshipper of Yredelemnul the Dark
    78 | D:1      | Reached * piety under Yredelemnul
   329 | D:1      | Reached XP level 2. HP: 18/19 MP: 2/2
   921 | D:1      | Reached XP level 3. HP: 20/23 MP: 3/3
  1638 | D:2      | Reached XP level 4. HP: 29/29 MP: 4/4
  2050 | D:3      | Noticed a phantom
  2066 | D:3      | Killed a phantom
  2067 | D:3      | Reached XP level 5. HP: 26/33 MP: 5/5
  2664 | D:4      | Reached XP level 6. HP: 31/39 MP: 6/6
  2947 | D:4      | Identified the +1 robe of Baldness {Rampage rC- Archmagi}
  2988 | D:4      | Found a transporter.
  3010 | D:4      | Found a transporter.
  3033 | D:4      | Killed from afar by an electric eel

Illustrated notes

Levels and vault maps discovered:
D:1:      lordsloth_arrival_two_stooges, layout_basic, basic_ecumenical_altar
D:2:      layout_basic
D:3:      layout_rooms, minmay_misc_feat_roman, roderic_roman_lattice
D:4:      gammafunk_steamed_eel, layout_loops_ring, uniq_duvessa

Skill      XL: |  1  2  3  4 |
---------------+-------------+-----
Fighting       | 4 |  4.6
Maces & Flails | 3 |  3.5
Armour         | 4 |  4.6
Shields        | 4 |  4.6

Action                   |  1- 3 |  4- 6 || total
-------------------------+-------+-------++-------
Melee: Flail             |    72 |       ||    72
       Short sword       |    34 |   114 ||   148
Invok: Recall Undead Har |       |     1 ||     1
  Use: Scroll            |     1 |       ||     1
       Potion            |       |     2 ||     2
Armor: Scale mail        |    65 |    46 ||   111
Dodge: Dodged            |    74 |    55 ||   129
Block: Buckler           |    34 |    23 ||    57

Table legend: (Time is in decaauts)
 A = Elapsed time spent in this place.
 B = Non-inter-level travel time spent in this place.
 C = Inter-level travel time spent in this place.
 D = Time resting spent in this place.
 E = Time spent auto-exploring this place.
 F = Levels seen in this place.
 G = Mean time per level.
                   A        B        C        D        E       F      G
               +--------+--------+--------+--------+--------+-----+--------+
         Total |   3076 |   2867 |    209 |      0 |   2304 |   4 |  769.0 |
       Dungeon |   3076 |   2867 |    209 |      0 |   2304 |   4 |  769.0 |
               +--------+--------+--------+--------+--------+-----+--------+

Top non-repeatable levels by time:
     D:1: 1323 daAuts
     D:2: 697 daAuts
     D:3: 641 daAuts
     D:4: 414 daAuts
